 Dungeon Crawl Stone Soup version 0.26-a0-1139-g7d2dc893a1 (webtiles) character file.

Game seed: 1633261529865901487

82 Dracia the Stinger (level 4, -9/30 HPs)
             Began as a Demonspawn Venom Mage on Dec 22, 2020.
             Mangled by an ogre
             ... wielding a +0 giant spiked club
              (27 damage)
             ... on level 4 of the Dungeon.
             The game lasted 00:02:45 (1993 turns).

Dracia the Stinger (Demonspawn Venom Mage)          Turns: 1993, Time: 00:02:46

Health: -9/30      AC:  5    Str:  9    XL:     4   Next: 21%
Magic:  0/7        EV: 11    Int: 17    God:
Gold:   68         SH:  0    Dex: 13    Spells: 4/7 levels left

rFire    . . .     SeeInvis .   e - +0 dagger
rCold    . . .     Faith    .   (no shield)
rNeg     . . .     Spirit   +   d - +0 leather armour
rPois    .         Reflect  .   (no helmet)
rElec    .         Harm     .   (no cloak)
rCorr    .         Rampage  .   (no gloves)
Will     .....                  (no boots)
Stlth    ++........             (no amulet)
HPRegen  0.10/turn              (no ring)
MPRegen  0.10/turn              (no ring)

@: no status effects
A: icy blue scales 1, magic shield
a: no special abilities


You were on level 4 of the Dungeon.
You visited 1 branch of the dungeon, and saw 3 of its levels.

You collected 68 gold pieces.


Innate Abilities, Weirdness & Mutations

You are partially covered in icy blue scales. (AC +2)
When hurt, damage is shared between your health and your magic reserves.


   Skills:
 - Level 1.7 Dodging
 - Level 1.7 Stealth
 - Level 2.0 Spellcasting
 - Level 0.8 Transmutations
 + Level 5.1 Poison Magic


You had 4 spell levels left.
You knew the following spells:

 Your Spells              Type           Power        Failure   Level
p - Poisonous Vapours     Pois/Air       20%          14%         2
z - Sting                 Tmut/Pois      44%          8%          1

Your spell library contained the following spells:

 Spells                   Type           Power        Failure   Level
 Olgreb's Toxic Radiance  Pois           19%          32%         4
 Ignite Poison            Fire/Tmut/Pois 8%           34%         3
 Mephitic Cloud           Conj/Pois/Air  7%           38%         3

Inventory:

Hand Weapons
 e - a +0 dagger (weapon)
Armour
 a - a +0 robe
 d - a +0 leather armour (worn)
Scrolls
 b - 3 scrolls of amnesia {unknown}
 c - 4 scrolls of identify {unknown}
 f - a scroll of magic mapping {unknown}
 g - a scroll of teleportation {unknown}
 i - a scroll of remove curse {unknown}
 k - a scroll of fog {unknown}
Potions
 h - a potion of heal wounds {unknown}
 j - a potion of degeneration {unknown}

Dungeon Overview and Level Annotations

Branches:
Dungeon (2/15)

Altars:

######
##.....##
.........##
........g@.#
.......ggOZ#
........g..#
.g.........#
...........#
...........#
..........##
.##.....##
#######


You could see an ogre (very poisoned), 4 gnolls and a quokka skeleton.


Message History

Confirm with . or Enter, or press ? or * to list all spells.
Aiming: Sting (safe; 8% risk of failure)
Press: ? - help, Shift-Dir - straight line, f - ogre
Aim: an ogre, wielding a +0 giant spiked club (asleep, 0% to evade)
The sting hits the ogre.
The ogre is poisoned.
The ogre is lightly wounded.
The ogre shouts!
The gnoll shouts! x3; You hear a shout!
The quokka skeleton barely misses you.
The ogre hits you with a +0 giant spiked club!
The gnoll hits you but does no damage. x2
The gnoll hits you from afar with a +0 spear.
There is a stone staircase leading up, spattered with blood here.
Casting: Sting (safe; 8% risk of failure)
Confirm with . or Enter, or press ? or * to list all spells.
Aiming: Sting (safe; 8% risk of failure)
Press: ? - help, Shift-Dir - straight line, f/p - ogre
Aim: an ogre, wielding a +0 giant spiked club (heavily wounded, poisoned, 14% to evade)
The sting hits the ogre.
The ogre looks even sicker.
The ogre is severely wounded.
The ogre barely misses you. The gnoll hits you but does no damage.
Casting: Sting (safe; 8% risk of failure)
Confirm with . or Enter, or press ? or * to list all spells.
Aiming: Sting (safe; 8% risk of failure)
Press: ? - help, Shift-Dir - straight line, f/p - ogre
Aim: an ogre, wielding a +0 giant spiked club (severely wounded, very poisoned, 14% to evade)
The sting hits the ogre.
The ogre looks even sicker.
The ogre is severely wounded.
The ogre hits you with a +0 giant spiked club!!
Ouch! That really hurt!
You die...

Skill      XL: |  1  2  3 |
---------------+----------+-----
Poison Magic   | 4 5 |  5.1
Dodging        | |  1.7
Stealth        | |  1.7
Spellcasting   | |  2.0
Transmutations | |  0.8

Action                   |  1- 3 |  4- 6 || total
-------------------------+-------+-------++-------
Melee: Unarmed           |     9 |       ||     9
       Dagger            |     9 |     4 ||    13
 Cast: Sting             |    72 |     9 ||    81
 Stab: Sleeping          |     1 |       ||     1
Armor: Robe              |     8 |       ||     8
       Leather armour    |    14 |     6 ||    20
Dodge: Dodged            |    43 |     4 ||    47

Levels and vault maps discovered:
D:1:      dpeg_arrival_boxes_within_box, layout_basic
D:2:      layout_rooms, lemuel_blue_sif_altar, uniq_terence
D:4:      layout_rooms, lemuel_coloured_pillars_altar, minmay_temple_entry_mist,
          uniq_natasha, uniq_blork_the_orc, uniq_duvessa

Notes
Turn   | Place    | Note
-------+----------+-------------------------------------------
     0 | D:1      | Dracia the Demonspawn Venom Mage began the quest for the
                  | Orb.
     0 | D:1      | Reached XP level 1. HP: 13/13 MP: 3/3
   285 | D:1      | Gained mutation: You are partially covered in icy blue
                  | scales. (AC +2) [demonic ancestry]
   285 | D:1      | Reached XP level 2. HP: 19/19 MP: 3/5
   530 | D:1      | Learned a level 2 spell: Poisonous Vapours
   744 | D:1      | Reached skill level 4 in Poison Magic
   937 | D:1      | Reached XP level 3. HP: 24/24 MP: 0/6
  1721 | D:2      | Noticed Terence
  1764 | D:2      | Killed Terence
  1765 | D:2      | Reached skill level 5 in Poison Magic
  1765 | D:2      | Gained mutation: When hurt, damage is shared between your
                  | health and your magic reserves. [demonic ancestry]
  1765 | D:2      | Reached XP level 4. HP: 16/30 MP: 1/7
  1983 | D:2      | You fall into a shaft and drop 2 floors!
  1984 | D:4      | Noticed an ogre
  1993 | D:4      | Mangled by an ogre

Vanquished Creatures
  Terence (D:2)
  2 adders (D:2)
  An ooze (D:1)
  4 giant cockroaches
  3 goblins (D:1)
  3 hobgoblins (D:1)
  A ball python (D:1)
  8 bats
  3 frilled lizards (D:1)
  5 kobolds (D:1)
  6 rats
37 creatures vanquished.

Table legend: (Time is in decaauts)
 A = Elapsed time spent in this place.
 B = Non-inter-level travel time spent in this place.
 C = Inter-level travel time spent in this place.
 D = Time resting spent in this place.
 E = Time spent auto-exploring this place.
 F = Levels seen in this place.
 G = Mean time per level.
                   A        B        C        D        E       F      G
               +--------+--------+--------+--------+--------+-----+--------+
         Total |   1992 |   1959 |     33 |    206 |   1461 |   3 |  664.0 |
       Dungeon |   1992 |   1959 |     33 |    206 |   1461 |   3 |  664.0 |
               +--------+--------+--------+--------+--------+-----+--------+

Top non-repeatable levels by time:
     D:1: 1483 daAuts
     D:2: 498 daAuts
     D:4: 9 daAuts

Table legend:
 A = Non-vault XP
 B = Vault XP
 C = Vault XP percentage of total XP
 D = Non-vault monster count
 E = Vault monster count
 F = Vault count percentage of total count
                 A         B        C        D         E       F
            +---------+---------+-------+---------+---------+-------
      Total |      82 |      36 |  30.5 |      36 |       1 |   2.7
            +---------+---------+-------+---------+---------+-------
        D:1 |      50 |       0 |   0.0 |      30 |       0 |   0.0
        D:2 |      32 |      36 |  52.9 |       6 |       1 |  14.3
            +---------+---------+-------+---------+---------+-------
